 Dungeon Crawl Stone Soup version 0.30-a0-358-g0d69a1922f (webtiles) character file.

Game seed: 9265823554078685287

2370 hikkokomori the Geomancer (level 9, -4/52 HPs)
             Began as a Gargoyle Earth Elementalist on Nov 11, 2022.
             Was a Follower of Vehumet.
             Slain by Maggie
             ... wielding a +2 glaive of protection
              (6 damage)
             ... on level 7 of the Dungeon.
             The game lasted 00:10:04 (6548 turns).

hikkokomori the Geomancer (GrEE)                    Turns: 6548, Time: 00:10:07

Health: -4/52      AC:  9    Str: 12    XL:     9   Next: 45%
Magic:  20/25      EV: 11    Int: 20    God:    Vehumet [*.....]
Gold:   107        SH:  0    Dex: 10    Spells: 14/18 levels left

rFire   + . .      SeeInvis .    x - +6 quarterstaff "Acarineslayer" {freeze, *Noise rElec rPois MP+9}
rCold   + . .      Faith    .    (shield currently unavailable)
rNeg    + . .      Spirit   .    a - +0 robe
rPois   ∞          Reflect  .    (no helmet)
rElec   +          Harm     .    w - scarf {rC+ rF+}
rCorr   .          Rampage  .    t - +0 pair of gloves
Will    .....                    (no boots)
Stlth   +++.......               q - amulet of magic regeneration
HPRegen 0.28/turn                (no ring)
MPRegen 0.59/turn                (no ring)

@: mesmerised
A: sickness immunity, AC +6, negative energy resistance 1, electricity
resistance, torment resistance 1, petrification resistance
a: Renounce Religion


You were on level 7 of the Dungeon.
You worshipped Vehumet.
Vehumet was aware of your devotion.
You visited 2 branches of the dungeon, and saw 8 of its levels.
You also visited: Sewer.

You collected 459 gold pieces.
You spent 352 gold pieces at shops.

Inventory:

Hand Weapons
 e - a +0 short sword
 x - the +6 quarterstaff "Acarineslayer" (weapon) {freeze, *Noise rElec rPois MP+9}
   (You found it on level 6 of the Dungeon)

   It freezes those it strikes, dealing additional cold damage.
   It can also slow down cold-blooded creatures.
   rElec:     It insulates you from electricity.
   rPois:     It protects you from poison.
   MP:        It affects your magic capacity (+9).
   *Noise:    It may make noises in combat.
Armour
 a - a +0 robe (worn)
 t - a +0 pair of gloves (worn)
 w - a scarf of resistance (worn)
Magical Staves
 v - a staff of conjuration
Jewellery
 g - an amulet of regeneration
 q - an amulet of magic regeneration (around neck)
Wands
 r - a wand of iceblast (12)
Scrolls
 i - 2 scrolls of butterflies
 k - 3 scrolls of amnesia {unknown}
 n - 4 scrolls of identify
 p - 2 scrolls of blinking
 s - 2 scrolls of teleportation {unknown}
 y - a scroll of enchant weapon {unknown}
 A - a scroll of poison {unknown}
Potions
 b - a potion of magic
 c - 2 potions of lignification {unknown}
 d - 3 potions of haste {unknown}
 f - a potion of attraction {unknown}
 h - 2 potions of heal wounds
 j - 3 potions of degeneration {unknown}
 l - a potion of flight {unknown}
 m - 2 potions of resistance {unknown}
 o - 2 potions of brilliance {unknown}
 u - a potion of cancellation {unknown}
 z - 2 potions of curing {unknown}


   Skills:
 + Level 3.8 Fighting
 - Level 1.5 Dodging
 - Level 6.7 Stealth
 - Level 5.2 Spellcasting
 + Level 6.6 Conjurations
 - Level 0.7 Transmutations
 + Level 8.7 Earth Magic


You had 14 spell levels left.
You knew the following spells:

 Your Spells              Type           Power      Damage    Failure   Level
a - Sandblast             Erth           80%        2d17      1%          1
b - Stone Arrow           Conj/Erth      70%        3d11      1%          3

Your spell library contained the following spells:

 Spells                   Type           Power      Damage    Failure   Level
 Kiss of Death            Conj/Necr      72%        2d10      3%          1
 Passwall                 Tmut/Erth      20%        N/A       2%          2
 Slow                     Hex            20%        N/A       12%         1
 Petrify                  Tmut/Erth      24%        N/A       16%         4
 Ensorcelled Hibernation  Hex/Ice        10%        N/A       17%         2
 Spider Form              Tmut/Pois      6%         N/A       28%         3
 Confusing Touch          Hex            5%         N/A       34%         3
 Swiftness                Air            5%         N/A       34%         3
 Vampiric Draining        Necr           5%         2d6       34%         3
 Anguish                  Hex/Necr       2%         N/A       75%         4
 Summon Ice Beast         Ice/Summ       5%         N/A       75%         4
 Freezing Cloud           Conj/Ice/Air   7%         6-21      77%         5


Dungeon Overview and Level Annotations

Branches:
Dungeon (7/15)             Temple (1/1) D:4           Sewer (visited)

Altars:
Ashenzari
Dithmenos
Elyvilon
Gozag
Hepliaklqana
Kikubaaqudgha
Nemelex Xobeh
Okawaru
Qazlal
Ru
Trog
Uskayaw
Vehumet
Wu Jian
Xom
Yredelemnul
Zin

Shops:
D:6 [

Annotations:
D:7 Maggie


Innate Abilities, Weirdness & Mutations

You are immune to sickness and miasma.
Your stone body is resilient. (AC +6)
You are immune to poison.
You resist negative energy. (rN+)
You are resistant to electric shocks. (rElec)
You are resistant to unholy torment.
You are immune to petrification.


Message History

Aiming: Stone Arrow (safe; 1% risk of failure)
Press: ? - help, Shift-Dir - straight line, f/p - Maggie
Aim: Maggie, wielding a +2 glaive of protection and wearing +0 acid dragon scales (moderately wounded, mesmerising, 74% to hit)
The stone arrow hits Maggie.
Maggie is moderately wounded.
Maggie hits you but does no damage.
Unknown command.
Casting: Stone Arrow (safe; 1% risk of failure)
Confirm with . or Enter, or press ? or * to list all spells.
Aiming: Stone Arrow (safe; 1% risk of failure)
Press: ? - help, Shift-Dir - straight line, f/p - Maggie
Aim: Maggie, wielding a +2 glaive of protection and wearing +0 acid dragon scales (moderately wounded, mesmerising, 74% to hit)
The stone arrow hits Maggie!
Maggie is moderately wounded.
Maggie hits you from afar with a +2 glaive of protection!
* * * LOW HITPOINT WARNING * * *
Unknown command.
You cannot move away from Maggie!
You feel much better.
Maggie points at you and mumbles some strange words.
The bolt of fire hits you! You resist.
Casting: Stone Arrow (safe; 1% risk of failure)
Confirm with . or Enter, or press ? or * to list all spells.
Aiming: Sandblast (safe; 1% risk of failure)
Press: ? - help, Shift-Dir - straight line, f/p - Maggie
Aim: Maggie, wielding a +2 glaive of protection and wearing +0 acid dragon scales (moderately wounded, mesmerising, 85% to hit)
The blast of sand hits Maggie!
Maggie is severely wounded.
Maggie hits you from afar with a +2 glaive of protection!!
* * * LOW HITPOINT WARNING * * *
Maggie closely misses you.
Casting: Sandblast (safe; 1% risk of failure)
Confirm with . or Enter, or press ? or * to list all spells.
Aiming: Sandblast (safe; 1% risk of failure)
Press: ? - help, Shift-Dir - straight line, f/p - Maggie
Aim: Maggie, wielding a +2 glaive of protection and wearing +0 acid dragon scales (severely wounded, mesmerising, 85% to hit)
The blast of sand hits Maggie but does no damage.
Maggie is severely wounded.
Maggie hits you from afar with a +2 glaive of protection.
You die...

### #....#.# #.##.#.#
#.##...# #.# #..#....
#.# #..#.#.#
..######..#.#.# #
#.........#.#.#.#####
.
#.##.###.....@.......
.#
#.##.###..#..#...#.##
...#.##......#..#.@##
#.#.##.....^#.......
#...........#....###.
#.....####......... #
#...........#.#..###
######.)###....#..#
................


You could see Maggie (mesmerising).

Vanquished Creatures
  Prince Ribbit (D:7)
  Sigmund (D:3)
  3 black bears
  A centaur (D:7)
  2 ogres
  A phantom (D:5)
  2 kobold brigands
  5 bullfrogs
  5 scorpions
  A howler monkey (D:6)
  A hound (D:4)
  2 jellies (D:7)
  An orc priest (D:5)
  A gnoll bouda (D:5)
  5 iguanas
  2 orc wizards
  3 gnolls (D:5)
  12 adders
  5 river rats
  2 white imps (D:7)
  2 ufetubi
  3 worms
  4 dart slugs
  10 orcs
  A bat (D:2)
  3 endoplasms
  5 giant cockroaches
  4 goblins
  7 hobgoblins
  4 jackals (D:2)
  11 kobolds
  6 quokkas
  11 ball pythons
  5 frilled lizards
  27 rats
159 creatures vanquished.

Notes
Turn   | Place    | Note
-------+----------+-------------------------------------------
     0 | D:1      | hikkokomori the Gargoyle Earth Elementalist began the quest
                  | for the Orb.
     0 | D:1      | Reached XP level 1. HP: 10/10 MP: 3/3
   137 | D:1      | Reached XP level 2. HP: 15/15 MP: 3/5
   269 | D:1      | Reached skill level 4 in Earth Magic
   799 | D:1      | Reached XP level 3. HP: 19/19 MP: 6/6
  1442 | D:2      | Found a faded altar of an unknown god.
  1691 | D:2      | Learned a level 3 spell: Stone Arrow
  1714 | D:2      | Reached XP level 4. HP: 24/24 MP: 5/8
  2569 | D:3      | Noticed Sigmund
  2576 | D:3      | Killed Sigmund
  2577 | D:3      | Reached skill level 5 in Earth Magic
  2577 | D:3      | Reached XP level 5. HP: 22/28 MP: 2/10
  2577 | D:3      | Reached XP level 6. HP: 25/32 MP: 2/11
  2857 | D:3      | Found a shadowy altar of Dithmenos.
  3131 | D:4      | Found a broken altar of Ashenzari.
  3210 | D:4      | Found a staircase to the Ecumenical Temple.
  3247 | D:4      | Reached XP level 7. HP: 36/36 MP: 4/12
  3252 | D:4      | Found a glowing drain.
  3268 | Sewer    | Entered a sewer
  3367 | Sewer    | Reached skill level 5 in Stealth
  3732 | Sewer    | Reached skill level 6 in Earth Magic
  4045 | D:4      | Reached XP level 8. HP: 41/41 MP: 12/14
  4048 | D:5      | Entered Level 5 of the Dungeon
  4674 | D:5      | Reached skill level 7 in Earth Magic
  4682 | D:5      | Reached skill level 5 in Spellcasting
  5317 | Temple   | Entered the Ecumenical Temple
  5431 | Temple   | Became a worshipper of Vehumet
  5507 | D:6      | Found Jiun's Armour Shop.
  5510 | D:6      | Bought a scarf of resistance for 352 gold pieces
  5556 | D:6      | Identified the +6 quarterstaff "Acarineslayer" {freeze,
                  | *Noise rElec rPois MP+9}
  5633 | D:6      | Reached skill level 5 in Conjurations
  5714 | D:6      | Reached skill level 1 in Fighting
  5788 | D:6      | Got the Volume of Rime
  5947 | D:6      | Reached XP level 9. HP: 48/48 MP: 16/16
  6315 | D:7      | Noticed Prince Ribbit
  6319 | D:7      | Killed Prince Ribbit
  6320 | D:7      | Reached skill level 8 in Earth Magic
  6450 | D:7      | Reached * piety under Vehumet
  6450 | D:7      | Offered knowledge of Kiss of Death by Vehumet.
  6534 | D:7      | Noticed Maggie
  6547 | D:7      | HP: 2/52 [Maggie/+2 glaive of protection (18)]
  6548 | D:7      | Slain by Maggie

Illustrated notes

Levels and vault maps discovered:
D:1:      moated_graveyard_arrival, layout_loops_ring, serial_forest,
          infiniplex_forest_corner_2, infiniplex_forest_clump_small,
          infiniplex_forest_clump_long, infiniplex_forest_clump_curved,
          infiniplex_forest_lined_room_, infiniplex_forest_lined_ring,
          infiniplex_forest_lined_2, infiniplex_forest_clump_tiny,
          infiniplex_forest_straight_2
D:2:      layout_basic, ebering_ecumenical_altar_mist, minmay_puff
D:3:      layout_basic, grunt_dithmenos_smoke, uniq_sigmund
D:4:      layout_basic, marbit_many_paths, minmay_temple_entry_slanted,
          portal_sewer_entry_a
D:5:      layout_layer_cave
D:6:      layout_basic, nicolae_stop_n_shop_1
D:7:      layout_basic, uniq_maggie, uniq_duvessa, uniq_prince_ribbit1
Temple:   regret_index_temple_waves

Skill      XL: |  1  2  3  4  5  6  7  8  9 |
---------------+----------------------------+-----
Earth Magic    | 4 5 6 7 8 |  8.7
Stealth        | 3 4 5 6 |  6.7
Spellcasting   | 3 4 5 |  5.2
Conjurations   | 2 3 4 5 6 |  6.6
Fighting       | 1 3 |  3.8
Dodging        | |  1.5
Transmutations | |  0.7

Action                   |  1- 3 |  4- 6 |  7- 9 || total
-------------------------+-------+-------+-------++-------
Melee: Short sword       |     4 |     2 |    17 ||    23
       Quarterstaff      |       |       |     7 ||     7
 Cast: Sandblast         |    49 |    37 |   181 ||   267
       Stone Arrow       |       |       |     2 ||     2
  Use: Scroll            |       |     5 |       ||     5
       Potion            |       |       |     2 ||     2
 Stab: Sleeping          |     1 |     1 |       ||     2
Armor: Robe              |     5 |    15 |    89 ||   109
Dodge: Dodged            |     6 |    11 |   126 ||   143

Table legend: (Time is in decaauts)
 A = Elapsed time spent in this place.
 B = Non-inter-level travel time spent in this place.
 C = Inter-level travel time spent in this place.
 D = Time resting spent in this place.
 E = Time spent auto-exploring this place.
 F = Levels seen in this place.
 G = Mean time per level.
                   A        B        C        D        E       F      G
               +--------+--------+--------+--------+--------+-----+--------+
         Total |   6724 |   6446 |    278 |      9 |   5460 |   9 |  747.1 |
       Dungeon |   5825 |   5600 |    225 |      9 |   4817 |   7 |  832.1 |
        Temple |    146 |     93 |     53 |      0 |     81 |   1 |  146.0 |
         Sewer |    752 |    752 |      0 |      0 |    562 |   1 |  752.0 |
               +--------+--------+--------+--------+--------+-----+--------+

Top non-repeatable levels by time:
     D:5: 1247 daAuts
     D:2: 1219 daAuts
     D:1: 1031 daAuts
     D:3: 839 daAuts
   Sewer: 752 daAuts
     D:6: 690 daAuts
     D:4: 414 daAuts
     D:7: 383 daAuts
  Temple: 146 daAuts
